 Dungeon Crawl Stone Soup version 0.29.1-15-g9cfb28693d (webtiles) character file.

Game seed: 1538761805421038553

840 GeoRichter the Destroyer (level 8, -7/46 HPs)
             Began as an Octopode Conjurer on Mar 19, 2023.
             Was an Initiate of Gozag.
             Mangled by an ice beast (10 damage)
             ... on level 5 of the Dungeon.
             The game lasted 00:08:42 (7654 turns).

GeoRichter the Destroyer (Octopode Conjurer)        Turns: 7654, Time: 00:08:43

Health: -7/46      AC:  1    Str:  3 (6)  XL:     8   Next: 0%
Magic:  3/13       EV: 13    Int: 20 (22) God:    Gozag
Gold:   145        SH:  5    Dex: 11      Spells: 6/13 levels left

rFire   . . .      SeeInvis .   (no weapon)
rCold   . . .      Faith    .   (no shield)
rNeg    . . .      Spirit   .   (helmet restricted)
rPois   .          Reflect  +   p - amulet of reflection
rElec   .          Harm     .   (no ring)
rCorr   .          Rampage  .   (no ring)
Will    .....                   (no ring)
Stlth   +++.......              (no ring)
HPRegen 0.15/turn               (no ring)
MPRegen 0.13/turn               (no ring)
                                (no ring)
                                (no ring)

@: no status effects
A: almost no armour, amphibious, 8 rings, camouflage 1, gelatinous body 1,
(nimble swimmer 1), tentacles
a: Renounce Religion, Potion Petition, Call Merchant, Bribe Branch


You were on level 5 of the Dungeon.
You worshipped Gozag.
Gozag was aware of your devotion.
You visited 2 branches of the dungeon, and saw 7 of its levels.

You collected 224 gold pieces.
You paid 79 gold pieces to Gozag.

Inventory:

Jewellery
 n - a ring of fire
   (You found it on level 5 of the Dungeon)
 p - an amulet of reflection (around mantle)
   (You found it on level 6 of the Dungeon)
Scrolls
 b - 2 scrolls of noise {unknown}
 c - 3 scrolls of fear {unknown}
 e - 4 scrolls of identify {unknown}
 f - a scroll of blinking {unknown}
 g - a scroll of brand weapon {unknown}
 k - 4 scrolls of vulnerability {unknown}
 l - a scroll of enchant weapon {unknown}
 m - a scroll of teleportation {unknown}
Potions
 d - a potion of degeneration {!q}
 h - a potion of brilliance {unknown}
 i - 2 potions of heal wounds {unknown}
 j - a potion of flight {unknown}
 o - a potion of curing {@q1}


   Skills:
 - Level 2.0 Dodging
 - Level 2.6 Stealth
 - Level 3.4 Spellcasting
 * Level 8.2 Conjurations
 + Level 3.5 Translocations


You had 6 spell levels left.
You knew the following spells:

 Your Spells              Type           Power      Damage    Failure   Level
a - Magic Dart            Conj           100%       1d8       1%          1
b - Searing Ray           Conj           72%        2d7       1%          2
c - Iskenderun's Mystic   Conj/Tloc      27%        2d7       12%         4

Your spell library contained the following spells:

 Spells                   Type           Power      Damage    Failure   Level
 Shock                    Conj/Air       76%        1d7       2%          1
 Dazzling Flash           Conj/Hex       38%        N/A       8%          3
 Iskenderun's Battlesphe  Conj           36%        2d9       13%         5
 Summon Small Mammal      Summ           12%        N/A       14%         1
 Fulminant Prism          Conj/Hex       9%         3d7       26%         4
 Call Canine Familiar     Summ           3%         N/A       38%         3
 Summon Guardian Golem    Hex/Summ       3%         N/A       38%         3
 Swiftness                Air            3%         N/A       38%         3
 Fireball                 Conj/Fire      9%         3d6       56%         5
 Airstrike                Air            1%         2d(1-17)  80%         4
 Conjure Ball Lightning   Conj/Air       9%         3x3d6     98%         6
 Orb of Destruction       Conj           18%        9d8       98%         7


Dungeon Overview and Level Annotations

Branches:
Dungeon (6/15) Zot: 25439  Temple (1/1) D:6 Zot: 5815

Altars:
Cheibriados
Fedhas
Gozag
Kikubaaqudgha
Qazlal
Ru
Sif Muna
Trog

Shops:
D:1 (

Annotations:
D:4 2 transporters
D:6 Duvessa


Innate Abilities, Weirdness & Mutations

You cannot wear most types of armour.
You are amphibious.
You can wear up to eight rings at the same time.
Your skin changes colour to match your surroundings (Stealth+).
Your rubbery body absorbs attacks. (AC +1, EV +1)
((You are camouflaged when in or above water. (Stealth+)))
You have tentacles for arms and can constrict up to eight enemies at once.


Message History

The ice beast is knocked back by the mystic blast.
The ice beast slams into the crystal wall!
You see here 2 poisoned darts.
Your magical contamination has completely faded away.
The spell is quite dangerous to miscast (12% risk of failure)!
Continue anyway?
You erupt in a blast of force!
The mystic blast hits the ice beast!
The ice beast is knocked back by the mystic blast.
There is a stone staircase leading up here.
The ice beast barely misses you.
You climb upwards.
There is a stone staircase leading down here.
Magic courses through your body. The ice beast hits you.
* * * LOW HITPOINT WARNING * * *
The ice beast freezes you!
* * * LOW HITPOINT WARNING * * *
The spell is quite dangerous to miscast (12% risk of failure)!
Continue anyway?
You erupt in a blast of force!
The mystic blast hits the ice beast!
The ice beast is knocked back by the mystic blast.
You aren't carrying any items that you can evoke.
There is a stone staircase leading up here.
You climb upwards.
Level annotation: 2 transporters
There is a stone staircase leading down here.
You start resting.
You climb downwards.
The ice beast closely misses you. The ice beast misses you.
There is a stone staircase leading up here.
The spell is quite dangerous to miscast (12% risk of failure)!
Continue anyway?
You erupt in a blast of force!
The mystic blast hits the ice beast.
You block the ice beast's attack.
The spell is quite dangerous to miscast (12% risk of failure)!
Continue anyway?
You erupt in a blast of force!
The mystic blast hits the ice beast.
The ice beast hits you. The ice beast freezes you!
The spell is quite dangerous to miscast (12% risk of failure)!
Continue anyway?
You erupt in a blast of force!
The mystic blast hits the ice beast but does no damage.
The ice beast hits you. The ice beast freezes you!
* * * LOW HITPOINT WARNING * * *
The ice beast hits you.
* * * LOW HITPOINT WARNING * * *
The ice beast freezes you!
* * * LOW HITPOINT WARNING * * *
The ice beast attacks as you move away! The ice beast misses you.
You don't have enough magic to cast this spell.
An ice beast is nearby!
The ice beast hits you.
* * * LOW HITPOINT WARNING * * *
The ice beast freezes you!
You die...
Your body crumbles into a pile of gold.

##########....# #######....##
..............######## #....##
.....................# #....##
.....................# #....##
.....................# #....##
..<.#............##### #......
###......#.......# #####..
.........#.....Y.# #..
###.....######..@##############..
#...........................'..
##....#######################..
#..............................
###.##..##.###.##################
..#........###.# ##### #
#.#.#...#......# #...# #
#.#.#...#.########.#.# #
#.#.#.#.#.#......Y.#.# #


You could see an ice beast.

Vanquished Creatures
  An ice beast (D:3)
  A centaur (D:6)
  A phantom (D:5)
  A kobold brigand (D:6)
  A bullfrog (Temple)
  A scorpion (D:5)
  A necrophage (D:4)
  4 hounds
  2 orc priests (D:4)
  Robin (D:3)
  2 gnolls
  2 adders (D:3)
  An ufetubus (D:5)
  2 dart slugs (D:1)
  3 orcs (D:4)
  8 ball pythons
  8 bats
  7 endoplasms
  3 giant cockroaches (D:1)
  9 hobgoblins
  3 jackals (D:1)
  9 kobolds
  6 quokkas
  3 frilled lizards (D:1)
  16 goblins
  4 rats
100 creatures vanquished.

Notes
Turn   | Place    | Note
-------+----------+-------------------------------------------
     0 | D:1      | GeoRichter the Octopode Conjurer began the quest for the
                  | Orb.
     0 | D:1      | Reached XP level 1. HP: 11/11 MP: 3/3
   139 | D:1      | Reached XP level 2. HP: 17/17 MP: 0/5
   506 | D:1      | Reached XP level 3. HP: 21/21 MP: 4/6
   557 | D:1      | Learned a level 2 spell: Searing Ray
  1277 | D:1      | Found Runiafur's Antique Weapon Emporium.
  2133 | D:2      | Reached skill level 5 in Conjurations
  2298 | D:2      | You fall into a shaft and drop 2 floors!
  2316 | D:4      | Reached XP level 4. HP: 27/27 MP: 5/8
  2338 | D:4      | Found a transporter.
  2346 | D:4      | Noticed a necrophage
  2357 | D:4      | Found a transporter.
  2394 | D:4      | Killed a necrophage
  2395 | D:4      | Reached XP level 5. HP: 15/31 MP: 0/9
  2672 | D:4      | Reached skill level 6 in Conjurations
  2942 | D:3      | Learned a level 4 spell: Iskenderun's Mystic Blast
  3300 | D:3      | Noticed an ice beast
  3982 | D:3      | Reached XP level 6. HP: 36/36 MP: 7/11
  4040 | D:3      | Noticed Robin
  4045 | D:3      | Killed Robin
  4274 | D:3      | Killed an ice beast
  4275 | D:3      | Reached skill level 1 in Translocations
  4823 | D:5      | Entered Level 5 of the Dungeon
  5001 | D:5      | Reached skill level 7 in Conjurations
  5001 | D:5      | Reached XP level 7. HP: 39/41 MP: 2/12
  5573 | D:5      | Found a stormy altar of Qazlal.
  6629 | D:6      | Reached skill level 8 in Conjurations
  6683 | D:6      | Found a staircase to the Ecumenical Temple.
  6698 | Temple   | Entered the Ecumenical Temple
  6702 | Temple   | Reached XP level 8. HP: 23/46 MP: 4/13
  6870 | Temple   | Became a worshipper of Gozag Ym Sagoz the Greedy
  6934 | D:6      | Noticed Duvessa
  7654 | D:5      | Mangled by an ice beast

Illustrated notes

Levels and vault maps discovered:
D:1:      kennysheep_arrival_forest, layout_basic, serial_shops, shop,
          nicolae_figureground_pulse
D:2:      layout_rooms, serial_forest, infiniplex_forest_end_1,
          infiniplex_forest_lined_room_, infiniplex_forest_lined_4_way,
          infiniplex_forest_clump_tiny, infiniplex_forest_corner_1,
          infiniplex_forest_lined_3, kennysheep_generic_room_11
D:3:      layout_loops_ring, uniq_robin
D:4:      gammafunk_steamed_eel, layout_basic
D:5:      layout_basic, mainiacjoe_overflow_six_doors_small
D:6:      layout_loops_ring, minmay_temple_entry_waves, minmay_holes,
          uniq_grinder, uniq_edmund, uniq_duvessa, uniq_pikel
Temple:   nicolae_temple_bog_church

Skill      XL: |  1  2  3  4  5  6  7 |
---------------+----------------------+-----
Conjurations   | 5 6 7 8 |  8.2
Spellcasting   | 3 |  3.4
Translocations | 2 3 |  3.5
Dodging        | |  2.0
Stealth        | |  2.6

Action                   |  1- 3 |  4- 6 |  7- 9 || total
-------------------------+-------+-------+-------++-------
Melee: Unarmed           |    13 |       |       ||    13
       Constrict         |     3 |       |       ||     3
       Tentacles         |     3 |       |       ||     3
 Cast: Magic Dart        |    77 |    60 |    32 ||   169
       Searing Ray       |       |    11 |    10 ||    21
       Iskenderun's Myst |       |     1 |    10 ||    11
  Use: Potion            |       |     1 |     3 ||     4
Armor: Skin              |     4 |     1 |     4 ||     9
Dodge: Dodged            |    20 |    19 |    27 ||    66
Block: Other             |       |       |     8 ||     8
